 Dungeon Crawl Stone Soup version 0.19-a0-934-gf1df8d1 (webtiles) character file.

73 Implojin the Ruffian (level 4, -4/66 HPs)
             Began as a Troll Berserker on July 8, 2016.
             Was a Believer of Trog.
             Slain by an ice beast (13 damage)
             ... on level 5 of the Dungeon.
             The game lasted 00:01:55 (401 turns).

Implojin the Ruffian (Troll Berserker)               Turns: 401, Time: 00:01:55

Health: -4/66      AC:  5    Str: 30    XL:     4   Next: 8%
Magic:  3/3        EV: 10    Int:  8    God:    Trog [**....]
Gold:   21         SH:  0    Dex: 10    Spells: 0 memorised, 3 levels left

rFire  . . .     SeeInvis .       - Unarmed
rCold  . . .     Gourm    +     a - +0 animal skin
rNeg   . . .     Faith    .     (no shield)
rPois  .         Spirit   .     (helmet restricted)
rElec  .         Dismiss  .     (no cloak)
rCorr  .         Reflect  .     (gloves unavailable)
SustAt .         Harm     .     (boots unavailable)
MR     .....                    (no amulet)
Stlth  ..........               (no ring)
                                n - +5 ring of intelligence

@: berserking, very quick, not resistant to hostile enchantments, extremely
unstealthy
A: unfitting armour, claws 3, fast metabolism 3, gourmand, regeneration 2,
shaggy fur 1, tough skin 2
a: Berserk, Trog's Hand, Burn Spellbooks, Renounce Religion


You were on level 5 of the Dungeon.
You worshipped Trog.
Trog was pleased with you.
You were very full.

You visited 1 branch of the dungeon, and saw 5 of its levels.

You collected 21 gold pieces.

Inventory:

Missiles
 e - a throwing net (quivered)
Armour
 a - a +0 animal skin (worn)
Jewellery
 n - a +5 ring of intelligence (left claw)
Scrolls
 f - a scroll of identify {unknown}
 g - a scroll of teleportation {unknown}
 h - 3 scrolls of remove curse {unknown}
 i - a scroll of blinking {unknown}
 k - a scroll of noise {unknown}
Potions
 d - a potion of curing {unknown}
 j - a potion of degeneration {unknown}
 l - a potion of berserk rage {unknown}
 m - a potion of cancellation {unknown}
 o - a potion of cure mutation {unknown}
Comestibles
 b - 2 bread rations
 c - a meat ration


   Skills:
 - Level 2.4 Fighting
 - Level 2.4 Dodging
 * Level 5.0 Unarmed Combat


You had 3 spell levels left.
You didn't know any spells.

Dungeon Overview and Level Annotations

Branches:
Dungeon (5/15)
 Temple: D:4-7

Altars:
Zin


Innate Abilities, Weirdness & Mutations

You are too large for most types of armour.
You have claws for hands.
Your metabolism is lightning-fast.
You like to eat raw meat.
You heal very quickly.
You are covered in fur. (AC +1)
You have very tough skin. (AC +2)


Message History

Trog accepts your kill.
Your Unarmed Combat skill increases to level 5!
You have reached level 4!
A giant cockroach comes into view.
You barely miss the ice beast. The ice beast hits you.
The ice beast freezes you!
You completely miss the ice beast. The ice beast completely misses you.
You claw the ice beast!
The ice beast is moderately wounded.
The ice beast misses you.
An orc wizard comes into view. It is wielding a dagger.
The orc wizard shouts!
You scratch the ice beast.
The ice beast is heavily wounded.
The ice beast hits you. The ice beast freezes you!
* * * LOW HITPOINT WARNING * * *
Unknown command.
You scratch the ice beast but do no damage.
The ice beast is heavily wounded.
You closely miss the ice beast.
The ice beast is heavily wounded.
The ice beast hits you but does no damage.
A red film seems to cover your vision as you go berserk!
You feel yourself moving faster!
You feel mighty!
You feel somewhat less full. The ice beast barely misses you.
Unknown command.
Unknown command.
You scratch the ice beast but do no damage.
The ice beast is heavily wounded.
The ice beast hits you.
* * * LOW HITPOINT WARNING * * *
The ice beast freezes you!
* * * LOW HITPOINT WARNING * * *
Unknown command.
You barely miss the ice beast.
The ice beast is heavily wounded.
The ice beast hits you.
* * * LOW HITPOINT WARNING * * *
The ice beast freezes you!
You die...

###.#.......
####..........
#........... # . .
##.#.....#.##.#...
..#.....#.<.........
..o......Z......#.
.........####....#
..##.oZ### #.#(...
###5Y@# ...[..
###......... .
..#.........
.....#.......
......# ......
........ ..
#........# .
#.........


You could see an ice beast, an orc wizard, a shadow imp, an orc (wandering) and
a quokka skeleton.

Vanquished Creatures
  A hound (D:5)
  2 adders (D:3)
  A giant gecko (D:1)
  2 orcs (D:4)
  2 bats
  4 giant cockroaches
  A hobgoblin (D:1)
  2 jackals (D:1)
  2 kobolds (D:2)
  A quokka (D:2)
  4 rats
22 creatures vanquished.

Notes
Turn   | Place    | Note
-------+----------+-------------------------------------------
     0 | D:1      | Implojin the Troll Berserker began the quest for the Orb.
     0 | D:1      | Reached XP level 1. HP: 22/22 MP: 0/0
    96 | D:1      | Reached XP level 2. HP: 23/29 MP: 1/1
   219 | D:2      | Found a glowing silver altar of Zin.
   276 | D:3      | Reached skill level 4 in Unarmed Combat
   278 | D:3      | Reached XP level 3. HP: 34/36 MP: 2/2
   321 | D:3      | Reached ** piety under Trog
   377 | D:5      | Entered Level 5 of the Dungeon
   379 | D:5      | Noticed an ice beast
   391 | D:5      | Reached skill level 5 in Unarmed Combat
   391 | D:5      | Reached XP level 4. HP: 44/44 MP: 3/3
   401 | D:5      | Slain by an ice beast

Vault maps used:
D:1:      tarquinn_simple_flora_water_e
D:2:      zin_scriptorium, ecumenical_altar_2, uniq_crazy_yiuf_cottage
D:3:      hangedman_abyss_or_decor_lesser_grid, uniq_grinder, uniq_terence
D:4:      uniq_blork_the_orc, uniq_natasha, uniq_pikel
D:5:      kennysheep_mini, first_bread, tso_metal_star

Skill      XL: |  1  2  3 |
---------------+----------+-----
Unarmed Combat | 4 5 |  5.0
Fighting       | |  2.4
Dodging        | |  2.4

Action                   |  1- 3 |  4- 6 || total
-------------------------+-------+-------++-------
Melee: Unarmed           |    54 |     8 ||    62
       Punch             |     2 |       ||     2
Invok: Burn Spellbooks   |     1 |       ||     1
       Berserk           |       |     1 ||     1
  Eat: Chunk             |     8 |       ||     8
Armor: Animal skin       |    55 |     1 ||    56
Dodge: Dodged            |    95 |     3 ||    98

Table legend:
 A = Turns spent in this place as a percentage of turns spent in the entire game.
 B = Non-inter-level travel turns spent in this place as a percentage of non-inter-level travel turns spent in the entire game.
 C = Inter-level travel turns spent in this place as a percentage of turns spent in this place.
 D = Turns resting spent in this place as a percentage of non-inter-level travel turns spent in this place.
 E = Turns spent auto-exploring this place as a percentage of non-inter-level travel turns spent in this place.
 F = Non-inter-level travel turns spent in this place divided by the number of levels of this place that you've seen.
                   A       B       C       D       E      F
               +-------+-------+-------+-------+-------+----------------------
         Total | 100.0 | 100.0 |   0.0 |   0.0 |   0.0 |  75.6
       Dungeon | 100.0 | 100.0 |   0.0 |   0.0 |   0.0 |  75.6
               +-------+-------+-------+-------+-------+----------------------

Table legend:
 A = Kills in this place as a percentage of kills in entire the game.
 B = Kills by you in this place as a percentage of kills by you in the entire game.
 C = Kills by friends in this place as a percentage of kills by friends in the entire game.
 D = Other kills in this place as a percentage of other kills in the entire game.
 E = Experience gained in this place as a percentage of experience gained in the entire game.
 F = Experience gained in this place divided by the number of levels of this place that you have seen.
                   A       B       C       D       E      F
               +-------+-------+-------+-------+-------+----------------------
         Total | 100.0 | 100.0 |  -nan |  -nan | 100.0 |  21.0
       Dungeon | 100.0 | 100.0 |  -nan |  -nan | 100.0 |  21.0
               +-------+-------+-------+-------+-------+----------------------
